SAAA
HIALEAH DODOS @ MEMPHIS REDBIRDS
06/14/2042
 
TOP OF THE 1ST
Hialeah Dodos batting - Pitching for Memphis Redbirds : RHP Joe Yoder
Pitching: RHP Joe Yoder
Batting: LHB Richard Edwards 0-0: Ball
1-0: Ball
2-0: Ball
3-0: Base on Balls
Batting: RHB Eddie Neef 0-0: SINGLE (Flyball, 7LM, EV 105.0 MPH)
Richard Edwards to second
Batting: LHB Ramón Morterero 0-0: Foul Ball, location: 2F
0-1: Ball
1-1: Ball
2-1: Foul Ball, location: 2F
2-2: Ball
3-2: Foul Ball, location: 2F
3-2: Grounds into double play, 4-6-3 (Groundball, 4, EV 83.8 MPH)
Richard Edwards to third
Batting: RHB Mulia Muljana 0-0: Called Strike
0-1: Ground out 5-3 (Groundball, 56, EV 104.4 MPH)
Top of the 1st over - 0 runs, 1 hit, 0 errors, 1 left on base; Hialeah 0 - Memphis 0
BOTTOM OF THE 1ST
Memphis Redbirds batting - Pitching for Hialeah Dodos : RHP César Soto
Pitching: RHP César Soto
Batting: RHB Steve Marwat 0-0: SOLO HOME RUN (Flyball, 9D, EV 111.9 MPH), Distance : 381 ft
Batting: LHB Rodney McClellan 0-0: Called Strike
0-1: Ball
1-1: DOUBLE (Line Drive, 9LD, EV 101.2 MPH)
Batting: RHB Fraser Childs 0-0: Ball
1-0: Ground out 4-3 (Groundball, 4, EV 103.8 MPH)
Rodney McClellan to third
Batting: RHB Yong-hong Ren 0-0: Ball
1-0: SINGLE (Groundball, 6D, EV 95.6 MPH)
Rodney McClellan scores
Batting: LHB Carter Stanley 0-0: Ball
Yong-hong Ren steals 2nd base
1-0: Called Strike
1-1: Foul Ball, location: 2F
1-2: DOUBLE (Flyball, 8LXD, EV 108.1 MPH)
Yong-hong Ren scores
Batting: RHB Joël Pesci 0-0: Ball
1-0: Foul Ball, location: 2F
1-1: Foul Ball, location: 2F
1-2: Ball
2-2: Ball
3-2: Ground out 4-3 (Groundball, 4, EV 91.2 MPH)
Carter Stanley to third
Batting: RHB Lorenzo Lobo 0-0: Ball
1-0: Ball
2-0: Foul Ball, location: 2F
2-1: SINGLE (Groundball, 6M, EV 106.9 MPH)
Carter Stanley scores
Batting: RHB Bernardo Rodríguez 0-0: Ball
1-0: Called Strike
1-1: Fly out, F8 (Flyball, 8LD, EV 90.6 MPH)
Bottom of the 1st over - 4 runs, 5 hits, 0 errors, 1 left on base; Hialeah 0 - Memphis 4
TOP OF THE 2ND
Hialeah Dodos batting - Pitching for Memphis Redbirds : RHP Joe Yoder
Batting: LHB Dallas McMurran 0-0: Called Strike
0-1: Foul Ball, location: 2F
0-2: Ball
1-2: Strikes out swinging
Batting: RHB Juan Reyes 0-0: Ball
1-0: Ball
2-0: Ball
3-0: Base on Balls
Batting: RHB Alfonso Cabedo 0-0: Called Strike
0-1: Called Strike
0-2: Ball
1-2: Ball
2-2: Foul Ball, location: 2F
2-2: Ball
3-2: Base on Balls
Juan Reyes to second
Batting: RHB Pat Geldart 0-0: Ball
1-0: Ball
2-0: Ball
3-0: DOUBLE (Line Drive, 9LM, EV 103.1 MPH)
Juan Reyes scores
Alfonso Cabedo to third
Runner from 3rd tries for Home, SAFE, throw by RF to home
Batting: SHB Xavier Mercier 0-0: Ball
1-0: Called Strike
1-1: Fly out, F7 (Flyball, 7S, EV 86.2 MPH)
Batting: LHB Richard Edwards 0-0: Ball
1-0: Ball
Wild Pitch!
Pat Geldart to third
2-0: Called Strike
2-1: Foul Ball, location: 2F
2-2: Ground out 5-3 (Groundball, 5L, EV 104.4 MPH)
Top of the 2nd over - 2 runs, 1 hit, 0 errors, 1 left on base; Hialeah 2 - Memphis 4
BOTTOM OF THE 2ND
Memphis Redbirds batting - Pitching for Hialeah Dodos : RHP César Soto
Batting: RHB Martin Clayton 0-0: Ball
1-0: Foul Ball, location: 2F
1-1: Called Strike
1-2: Fly out, F8 (Flyball, 8LD, EV 103.1 MPH)
Batting: RHB Steve Marwat 0-0: Ball
1-0: Fly out, F7 (Flyball, 7S, EV 83.8 MPH)
Batting: LHB Rodney McClellan 0-0: Ball
1-0: Ball
2-0: Ball
3-0: Base on Balls
Batting: RHB Fraser Childs 0-0: Called Strike
0-1: Ball
1-1: Foul Ball, location: 2F
1-2: Strikes out swinging, 2-3 out at first.
Bottom of the 2nd over - 0 runs, 0 hits, 0 errors, 1 left on base; Hialeah 2 - Memphis 4
TOP OF THE 3RD
Hialeah Dodos batting - Pitching for Memphis Redbirds : RHP Joe Yoder
Batting: RHB Eddie Neef 0-0: Foul Ball, location: 2F
0-1: Ground out 4-3 (Groundball, 34, EV 95.0 MPH)
Batting: LHB Ramón Morterero 0-0: Called Strike
0-1: Swinging Strike
0-2: Ball
1-2: Strikes out swinging, 2-3 out at first.
Batting: RHB Mulia Muljana 0-0: Called Strike
0-1: Ball
1-1: Ball
2-1: SOLO HOME RUN (Flyball, 78XD, EV 97.5 MPH), Distance : 416 ft
Batting: LHB Dallas McMurran 0-0: Ball
1-0: Ground out 4-3 (Groundball, 4, EV 80.6 MPH)
Top of the 3rd over - 1 run, 1 hit, 0 errors, 0 left on base; Hialeah 3 - Memphis 4
BOTTOM OF THE 3RD
Memphis Redbirds batting - Pitching for Hialeah Dodos : RHP César Soto
Batting: RHB Yong-hong Ren 0-0: Fly out, F4 (Popup, 4, EV 59.4 MPH)
Batting: LHB Carter Stanley 0-0: Ball
1-0: Called Strike
1-1: Foul Ball, location: 2F
1-2: Foul Ball, location: 2F
1-2: Foul Ball, location: 2F
1-2: DOUBLE (Line Drive, 9LS, EV 102.5 MPH)
Batting: RHB Joël Pesci 0-0: Foul Ball, location: 2F
0-1: Ball
1-1: Called Strike
1-2: Ball
2-2: Ground out 5-3 (Groundball, 5S, EV 72.5 MPH)
Carter Stanley to third
Pitching: RHP Surrealiste Zhejna
Batting: RHB Lorenzo Lobo 0-0: Ball
1-0: Ground out 3-1 (Groundball, 34, EV 96.2 MPH)
Bottom of the 3rd over - 0 runs, 1 hit, 0 errors, 1 left on base; Hialeah 3 - Memphis 4
TOP OF THE 4TH
Hialeah Dodos batting - Pitching for Memphis Redbirds : RHP Joe Yoder
Batting: RHB Juan Reyes 0-0: Foul Ball, location: 2F
0-1: Ball
1-1: Ball
2-1: Swinging Strike
2-2: Foul Ball, location: 2F
2-2: Ball
3-2: Strikes out looking
Batting: RHB Alfonso Cabedo 0-0: Ball
1-0: Called Strike
1-1: Called Strike
1-2: Ball
2-2: Ball
3-2: Strikes out swinging
Batting: RHB Pat Geldart 0-0: Called Strike
0-1: TRIPLE (Flyball, 89XD, EV 112.5 MPH)
Batting: SHB Xavier Mercier 0-0: Swinging Strike
0-1: Ball
1-1: Ball
2-1: Ground out 4-3 (Groundball, 4, EV 98.8 MPH)
Top of the 4th over - 0 runs, 1 hit, 0 errors, 1 left on base; Hialeah 3 - Memphis 4
BOTTOM OF THE 4TH
Memphis Redbirds batting - Pitching for Hialeah Dodos : RHP Surrealiste Zhejna
Batting: RHB Bernardo Rodríguez 0-0: Ball
1-0: Foul Ball, location: 2F
1-1: Swinging Strike
1-2: Ball
2-2: Foul Ball, location: 2F
2-2: Foul Ball, location: 2F
2-2: Strikes out swinging
Batting: RHB Martin Clayton 0-0: Ball
1-0: Ball
2-0: Swinging Strike
2-1: SINGLE (Flyball, 78M, EV 87.5 MPH)
Batting: RHB Steve Marwat 0-0: Called Strike
0-1: Ball
1-1: Foul Ball, location: 2F
1-2: Foul Ball, location: 2F
1-2: Ball
2-2: SINGLE (Groundball, 56D, EV 100.6 MPH)
Martin Clayton to second
Batting: LHB Rodney McClellan 0-0: Called Strike
0-1: Swinging Strike
0-2: Strikes out swinging
Batting: RHB Fraser Childs 0-0: Ball
1-0: DOUBLE (Line Drive, 78XD, EV 107.5 MPH)
Martin Clayton scores
Steve Marwat to third
Batting: RHB Yong-hong Ren 0-0: Called Strike
0-1: Foul Ball, location: 2F
0-2: Ball
1-2: Ball
2-2: DOUBLE (Flyball, 78XD, EV 101.2 MPH)
Steve Marwat scores
Fraser Childs scores
Batting: LHB Carter Stanley 0-0: Called Strike
0-1: Ball
1-1: Ball
2-1: Foul Ball, location: 2F
2-2: Strikes out swinging
Bottom of the 4th over - 3 runs, 4 hits, 0 errors, 1 left on base; Hialeah 3 - Memphis 7
TOP OF THE 5TH
Hialeah Dodos batting - Pitching for Memphis Redbirds : RHP Joe Yoder
Batting: LHB Richard Edwards 0-0: Fly out, F7 (Flyball, 7, EV 90.0 MPH)
Batting: RHB Eddie Neef 0-0: Called Strike
0-1: Swinging Strike
0-2: Ball
1-2: Ball
2-2: Strikes out swinging, 2-3 out at first.
Batting: LHB Ramón Morterero 0-0: Called Strike
0-1: Fly out, F6 (Popup, P, EV 83.1 MPH)
Top of the 5th over - 0 runs, 0 hits, 0 errors, 0 left on base; Hialeah 3 - Memphis 7
BOTTOM OF THE 5TH
Memphis Redbirds batting - Pitching for Hialeah Dodos : RHP Surrealiste Zhejna
Batting: RHB Joël Pesci 0-0: Ball
1-0: Ball
2-0: Fly out, F3 (Popup, 3, EV 59.4 MPH)
Pitching: RHP Júlio Antunez
Batting: RHB Lorenzo Lobo 0-0: Ball
1-0: Called Strike
1-1: Swinging Strike
1-2: Ball
2-2: Fly out, F9 (Flyball, 9D, EV 94.4 MPH)
Batting: RHB Bernardo Rodríguez 0-0: Ball
1-0: Foul Ball, location: 2F
1-1: Ball
2-1: Ball
3-1: Foul Ball, location: 2F
3-2: Foul Ball, location: 2F
3-2: Base on Balls
Batting: RHB Martin Clayton 0-0: Foul Ball, location: 2F
0-1: Ball
1-1: Ball
2-1: Ball
3-1: Foul Ball, location: 2F
3-2: SINGLE (Groundball, 56D, EV 105.6 MPH)
Bernardo Rodríguez to second
Bernardo Rodríguez to third
Batting: RHB Steve Marwat 0-0: Fielders Choice at 2nd, 6-4 (Groundball, 6, EV 102.5 MPH)
Bottom of the 5th over - 0 runs, 1 hit, 0 errors, 2 left on base; Hialeah 3 - Memphis 7
TOP OF THE 6TH
Hialeah Dodos batting - Pitching for Memphis Redbirds : RHP Joe Yoder
Batting: RHB Mulia Muljana 0-0: Called Strike
0-1: Ball
1-1: Foul Ball, location: 2F
1-2: Ball
2-2: Ball
3-2: Strikes out looking
Batting: LHB Dallas McMurran 0-0: Ball
1-0: Called Strike
1-1: Called Strike
1-2: Ball
2-2: Ground out 6-3 (Groundball, 4M, EV 94.4 MPH)
Batting: RHB Juan Reyes 0-0: Ball
1-0: Ball
2-0: Ball
3-0: Base on Balls
Pitching: RHP Marc Olsen
Batting: RHB Alfonso Cabedo 0-0: Ball
1-0: Foul Ball, location: 2F
1-1: Fly out, F8 (Flyball, 89D, EV 103.1 MPH)
Top of the 6th over - 0 runs, 0 hits, 0 errors, 1 left on base; Hialeah 3 - Memphis 7
BOTTOM OF THE 6TH
Memphis Redbirds batting - Pitching for Hialeah Dodos : RHP Júlio Antunez
Batting: LHB Rodney McClellan 0-0: Ball
1-0: Ball
2-0: Ball
3-0: Base on Balls
Batting: RHB Fraser Childs 0-0: Ball
1-0: Foul Ball, location: 2F
1-1: 2-RUN HOME RUN (Flyball, 78XD, EV 103.1 MPH), Distance : 432 ft
Batting: RHB Yong-hong Ren 0-0: Called Strike
0-1: Ground out 5-3 (Groundball, 5, EV 98.8 MPH)
Batting: LHB Carter Stanley 0-0: Ball
1-0: SINGLE (Groundball, 34, EV 80.0 MPH) (infield hit)
Batting: RHB Joël Pesci 0-0: Swinging Strike
0-1: Ball
1-1: Foul Ball, location: 2F
1-2: Fly out, F8 (Flyball, 8RD, EV 83.8 MPH)
Batting: RHB Lorenzo Lobo 0-0: Called Strike
0-1: Ball
1-1: Called Strike
1-2: Strikes out swinging
Bottom of the 6th over - 2 runs, 2 hits, 0 errors, 1 left on base; Hialeah 3 - Memphis 9
TOP OF THE 7TH
Hialeah Dodos batting - Pitching for Memphis Redbirds : RHP Marc Olsen
Batting: RHB Pat Geldart 0-0: Called Strike
0-1: Foul Ball, location: 2F
0-2: Fly out, F5 (Flyball, 56D, EV 83.8 MPH)
Batting: SHB Xavier Mercier 0-0: Ball
1-0: Ground out 4-3 (Groundball, 4, EV 82.5 MPH)
Batting: LHB Richard Edwards 0-0: Ball
1-0: Called Strike
1-1: Swinging Strike
1-2: Ball
2-2: Ball
3-2: Foul Ball, location: 2F
3-2: Base on Balls
Batting: RHB Eddie Neef 0-0: Called Strike
0-1: Ball
1-1: Swinging Strike
1-2: Foul Ball, location: 2F
1-2: Ball
2-2: Strikes out swinging
Top of the 7th over - 0 runs, 0 hits, 0 errors, 1 left on base; Hialeah 3 - Memphis 9
BOTTOM OF THE 7TH
Memphis Redbirds batting - Pitching for Hialeah Dodos : RHP Júlio Antunez
Batting: RHB Bernardo Rodríguez 0-0: Ball
1-0: Foul Ball, location: 2F
1-1: Ball
2-1: SINGLE (Line Drive, 78M, EV 105.0 MPH)
Batting: RHB Martin Clayton 0-0: Called Strike
0-1: SINGLE (Groundball, 6MD, EV 100.0 MPH)
Bernardo Rodríguez to second
Batting: RHB Steve Marwat 0-0: Swinging Strike
0-1: Foul Ball, location: 2F
0-2: Fielders Choice at 2nd, 4-6 (Groundball, 4, EV 106.9 MPH)
Bernardo Rodríguez to third
Batting: LHB Rodney McClellan 0-0: Ball
Wild Pitch!
Bernardo Rodríguez scores
Steve Marwat to second
1-0: Ground out 3-1 (Groundball, 34, EV 81.2 MPH)
Steve Marwat to third
Pinch Hitting: RHB Dave Bauer 0-0: Ball
1-0: Ball
2-0: Foul Ball, location: 2F
2-1: Ground out 5-3 (Groundball, 5, EV 104.4 MPH)
Bottom of the 7th over - 1 run, 2 hits, 0 errors, 1 left on base; Hialeah 3 - Memphis 10
TOP OF THE 8TH
Hialeah Dodos batting - Pitching for Memphis Redbirds : RHP Marc Olsen
Now in CF: Dave Bauer
Pinch Hitting: LHB Manuel Ruíz 0-0: Called Strike
0-1: Swinging Strike
0-2: Ball
1-2: Ground out 1-3 (Groundball, 13, EV 84.4 MPH)
Batting: RHB Mulia Muljana 0-0: Swinging Strike
0-1: Ball
1-1: SOLO HOME RUN (Flyball, 89XD, EV 102.5 MPH), Distance : 420 ft
Batting: LHB Dallas McMurran 0-0: Ball
1-0: Ball
2-0: Called Strike
2-1: Foul Ball, location: 2F
2-2: Ground out 4-3 (Groundball, 4, EV 85.6 MPH)
Batting: RHB Juan Reyes 0-0: Called Strike
0-1: Foul Ball, location: 2F
0-2: Ball
1-2: Foul Ball, location: 2F
1-2: Ball
2-2: Strikes out looking
Top of the 8th over - 1 run, 1 hit, 0 errors, 0 left on base; Hialeah 4 - Memphis 10
BOTTOM OF THE 8TH
Memphis Redbirds batting - Pitching for Hialeah Dodos : RHP Júlio Antunez
Now in LF: Manuel Ruíz
Batting: RHB Yong-hong Ren 0-0: Ball
1-0: SINGLE (Flyball, 89S, EV 91.2 MPH)
Batting: LHB Carter Stanley 0-0: Called Strike
0-1: Ball
1-1: Foul Ball, location: 2F
1-2: Fly out, F8 (Flyball, 78D, EV 95.0 MPH)
Batting: RHB Joël Pesci 0-0: Called Strike
0-1: Called Strike
0-2: Ball
1-2: Foul Ball, location: 2F
1-2: Ground out 6-3 (Groundball, 6S, EV 66.2 MPH)
Yong-hong Ren to second
Batting: RHB Lorenzo Lobo 0-0: Ball
1-0: Swinging Strike
1-1: Ball
2-1: Fly out, F7 (Flyball, 7LS, EV 88.8 MPH)
Bottom of the 8th over - 0 runs, 1 hit, 0 errors, 1 left on base; Hialeah 4 - Memphis 10
TOP OF THE 9TH
Hialeah Dodos batting - Pitching for Memphis Redbirds : RHP Marc Olsen
Batting: RHB Alfonso Cabedo 0-0: Ball
1-0: Called Strike
1-1: Foul Ball, location: 2F
1-2: Reached on error, E5 (Groundball, 56S, EV 85.6 MPH)
Batting: RHB Pat Geldart 0-0: Ball
Wild Pitch!
Alfonso Cabedo to third
1-0: Called Strike
1-1: Ground out 4-3 (Groundball, 4, EV 83.8 MPH)
Alfonso Cabedo scores
Batting: SHB Xavier Mercier 0-0: Fly out, F5 (Popup, 5SF, EV 72.5 MPH)
Batting: LHB Richard Edwards 0-0: Foul Ball, location: 2F
0-1: Ball
1-1: Ground out U3 (Groundball, 3, EV 101.9 MPH)
Top of the 9th over - 1 run, 0 hits, 1 error, 0 left on base; Hialeah 5 - Memphis 10
Friday, March 26th, 2021 - OOTP Baseball 20.8 Build 74